 Dungeon Crawl Stone Soup version 0.22-a0-282-gdd34a7d (webtiles) character file.

175 tilp the Cutter (level 5, 0/41 HPs)
             Began as a Draconian Skald on Mar 17, 2018.
             Was a Follower of Makhleb.
             Killed by divine providence
             ... invoked by an orc priest
              (9 damage)
             ... on level 3 of the Dungeon.
             The game lasted 00:08:34 (3433 turns).

tilp the Cutter (Draconian Skald)                   Turns: 3433, Time: 00:08:35

Health: 0/41       AC:  5    Str: 14    XL:     5   Next: 29%
Magic:  5/8        EV: 12    Int: 14    God:    Makhleb [*.....]
Gold:   137        SH:  0    Dex: 10    Spells: 7/8 levels left

rFire    . . .     SeeInvis .   g - +0 dagger (venom)
rCold    . . .     Gourm    .   (no shield)
rNeg     . . .     Faith    .   (armour unavailable)
rPois    .         Spirit   .   (helmet restricted)
rElec    .         Reflect  .   (no cloak)
rCorr    .         Harm     .   (no gloves)
MR       .....                  (no boots)
Stlth    +.........             (no amulet)
HPRegen  0.13/turn              (no ring)
MPRegen  0.11/turn              (no ring)

@: infused
A: unfitting armour, cold-blooded, AC +5
a: Renounce Religion


You were on level 3 of the Dungeon.
You worshipped Makhleb.
Makhleb was aware of your devotion.
You were very hungry.

You visited 1 branch of the dungeon, and saw 3 of its levels.

You collected 137 gold pieces.

Inventory:

Hand Weapons
 a - a +0 hunting sling
 g - a +0 dagger of venom (weapon)
Missiles
 d - 37 sling bullets
 e - 89 stones (quivered)
Jewellery
 h - a cursed amulet of inaccuracy {unknown}
Scrolls
 j - 2 scrolls of blinking
Potions
 b - 2 potions of flight {unknown}
 f - a potion of haste {unknown}
Comestibles
 c - 4 rations


   Skills:
 - Level 2.1 Fighting
 + Level 5.6 Short Blades
 - Level 2.1 Dodging
 - Level 2.0 Spellcasting
 - Level 2.6 Charms


You had 7 spell levels left.
You knew the following spells:

 Your Spells              Type           Power        Failure   Level  Hunger
a - Infusion              Chrm           #...         8%          1    ##.....


Dungeon Overview and Level Annotations

Branches:
Dungeon (3/15)

Altars:
Makhleb
Zin

Annotations:
D:2 1 runed door, 4 exclusions, Sigmund


Innate Abilities, Weirdness & Mutations

Your plain brown scales are hard. (AC +5)
You cannot fit into any form of body armour.
You are cold-blooded and may be slowed by cold attacks.


Message History

A giant cockroach comes into view.
Unknown command.
You hit the orc priest but do no damage.
The orc priest looks as sick as possible!
The orc priest is severely wounded.
The orc priest hits you with a flail.
You hit the orc priest but do no damage.
The orc priest looks as sick as possible!
The orc priest is severely wounded.
You barely miss the orc priest.
The orc priest is severely wounded.
The orc priest calls down the wrath of Beogh upon you.
Pain shoots through your body!
* * * LOW HITPOINT WARNING * * *
Unknown command.
You hit the orc priest but do no damage.
The orc priest is severely wounded.
The orc priest mumbles some strange prayers to Beogh against you.
Beogh smites you!
You die...

#.....# ....... .
###.### ..... ## #.# ...
#.# #.# # #.# #.###.#
#######.########s....#..
...............)o.......
#######.########o#####..
#.# #@# #.# #.# #.# #.#
#.# #.# #.# #.# #.# ###


You could see an orc priest, an orc and a giant cockroach.

Vanquished Creatures
  An orc priest (D:3)
  An orc wizard (D:2)
  3 adders
  An ooze (D:2)
  A worm (D:2)
  4 dart slugs
  2 leopard geckos
  9 orcs (D:3)
  6 bats
  2 giant cockroaches (D:1)
  3 goblins (D:1)
  9 hobgoblins
  2 jackals (D:1)
  6 kobolds
  A quokka (D:2)
  5 frilled lizards
  12 rats
68 creatures vanquished.

Notes
Turn   | Place    | Note
-------+----------+-------------------------------------------
     0 | D:1      | tilp the Draconian Skald began the quest for the Orb.
     0 | D:1      | Reached XP level 1. HP: 17/17 MP: 3/3
   248 | D:1      | Reached XP level 2. HP: 4/24 MP: 0/5
   610 | D:1      | Reached skill level 3 in Short Blades
   975 | D:1      | Found a burning altar of Makhleb.
   988 | D:1      | Became a worshipper of Makhleb the Destroyer
  1458 | D:2      | Reached XP level 3. HP: 29/29 MP: 4/6
  1675 | D:2      | Noticed Sigmund
  1939 | D:2      | Found a runed door.
  1967 | D:2      | Found a glowing silver altar of Zin.
  1977 | D:2      | Reached skill level 4 in Short Blades
  2171 | D:2      | Reached XP level 4. HP: 11/36 MP: 2/7
  2703 | D:3      | Reached * piety under Makhleb
  2937 | D:3      | Reached skill level 5 in Short Blades
  2940 | D:3      | Reached XP level 5. HP: 41/41 MP: 0/8
  3433 | D:3      | Killed from afar by an orc priest

Vault maps used:
D:1:      saegor_arrival_simple_c, hangedman_decor_opposing,
          corexii_hall_statues_i, minmay_hexomino_r4
D:2:      zin_treasury, uniq_crazy_yiuf_cottage, uniq_sigmund
D:3:      first_ration, chequers_ecumenical_altar_simple_redux

Skill      XL: |  1  2  3  4 |
---------------+-------------+-----
Short Blades   | 3 4 5 |  5.6
Fighting       | |  2.1
Dodging        | |  2.1
Spellcasting   | |  2.0
Charms         | |  2.6

Action                   |  1- 3 |  4- 6 || total
-------------------------+-------+-------++-------
Melee: Short sword       |    36 |       ||    36
       Tailslap          |    10 |    12 ||    22
       Dagger            |    80 |    76 ||   156
Throw: Stone             |     4 |       ||     4
 Cast: Infusion          |    27 |    10 ||    37
  Use: Scroll            |     1 |       ||     1
  Eat: Chunk             |     3 |     1 ||     4
       Ration            |       |     1 ||     1
Armor: Skin              |    29 |    15 ||    44
Dodge: Dodged            |    67 |    28 ||    95

Table legend:
 A = Spawn XP
 B = Non-spawn XP
 C = Spawn XP percentage of total XP
 D = Spawn monster count
 E = Non-spawn monster count
 F = Spawn count percentage of total count
 G = Total turns spent on level
                    A         B        C        D         E        F      G
               +---------+---------+-------+---------+---------+-------+---------
         Total |       0 |     251 |   0.0 |       0 |      68 |   0.0 |  3433
               +---------+---------+-------+---------+---------+-------+---------
           D:1 |       0 |      37 |   0.0 |       0 |      23 |   0.0 |  1357
           D:2 |       0 |     112 |   0.0 |       0 |      26 |   0.0 |  1647
           D:3 |       0 |     102 |   0.0 |       0 |      19 |   0.0 |   429
               +---------+---------+-------+---------+---------+-------+---------
